 Dungeon Crawl Stone Soup version 0.30-a0-364-gf6b3ef1 (webtiles) character file.

Game seed: 4614970387365172531

1185 Dorkslayer the Poker (level 8, -7/62 HPs)
             Began as a Merfolk Fighter on Nov 15, 2022.
             Was an Initiate of Gozag.
             Mangled by an ice beast (13 damage)
             ... on level 6 of the Dungeon.
             The game lasted 00:11:45 (4345 turns).

Dorkslayer the Poker (Merfolk Fighter)              Turns: 4345, Time: 00:11:46

Health: -7/62      AC: 11    Str: 19    XL:     8   Next: 42%
Magic:  8/8        EV:  6    Int: 12    God:    Gozag
Gold:   312        SH:  5    Dex: 13    Spells: 7/7 levels left

rFire   . . .      SeeInvis +    a - +0 trident
rCold   . . .      Faith    .    c - +0 buckler
rNeg    . . .      Spirit   .    x - +0 plate armour
rPois   .          Reflect  .    (no helmet)
rElec   .          Harm     .    (no cloak)
rCorr   +          Rampage  .    (no gloves)
Will    .....                    (no boots)
Stlth   ..........               (no amulet)
HPRegen 0.30/turn                i - ring of Ezi Tydo {rCorr Int+5 SInv}
MPRegen 0.11/turn                (no ring)

@: gold aura
A: (nimble swimmer 2), mertail
a: Renounce Religion, Potion Petition, Call Merchant, Bribe Branch


You were on level 6 of the Dungeon.
You worshipped Gozag.
Gozag was aware of your devotion.
You visited 2 branches of the dungeon, and saw 7 of its levels.

You collected 618 gold pieces.
You spent 247 gold pieces at shops.
You paid 59 gold pieces to Gozag.

Inventory:

Hand Weapons
 a - a +0 trident (weapon)
 u - a +3 vorpal long sword
Missiles
 d - 4 boomerangs (quivered)
 n - 17 poisoned darts
 t - a throwing net
Armour
 c - a +0 buckler (worn)
 x - a +0 plate armour (worn)
Jewellery
 i - the ring of Ezi Tydo (left hand) {rCorr Int+5 SInv}
   (You found it on level 2 of the Dungeon)

   [ring of resist corrosion]

   Int:       It affects your intelligence (+5).
   SInv:      It lets you see invisible.
   rCorr:     It protects you from acid and corrosion.
Wands
 b - a wand of flame (14)
 h - a wand of iceblast (23)
Scrolls
 e - 3 scrolls of immolation {unknown}
 f - 2 scrolls of magic mapping {unknown}
 g - a scroll of amnesia
 j - 2 scrolls of fog
 k - 4 scrolls of noise {unknown}
 l - 2 scrolls of teleportation
 o - a scroll of summoning {unknown}
 p - a scroll of enchant armour {unknown}
 q - a scroll of torment {unknown}
 r - a scroll of enchant weapon {unknown}
 s - a scroll of silence {unknown}
 v - 2 scrolls of poison
 y - a scroll of brand weapon {unknown}
Potions
 m - a potion of brilliance
 w - a potion of curing
 A - a potion of mutation
 B - a potion of cancellation {unknown}


   Skills:
 + Level 5.0 Fighting
 + Level 7.8 Polearms
 + Level 0.5 Throwing
 + Level 4.0 Armour
 + Level 2.3 Dodging
 + Level 4.2 Shields
 * Level 3.8 Evocations


You had 7 spell levels left.
You didn't know any spells.
Your spell library contained the following spells:

 Spells                   Type           Power      Damage    Failure   Level
 Sting                    Tmut/Pois      0%         1d3       100%        1
 Ensorcelled Hibernation  Hex/Ice        0%         N/A       100%        2
 Passwall                 Tmut/Erth      0%         N/A       100%        2
 Poisonous Vapours        Pois/Air       0%         N/A       100%        2
 Sublimation of Blood     Necr           0%         N/A       100%        2
 Wereblood                Tmut           0%         N/A       100%        2
 Ignite Poison            Fire/Tmut/Pois 0%         N/A       100%        3
 Swiftness                Air            0%         N/A       100%        3
 Olgreb's Toxic Radiance  Pois           0%         N/A       100%        4
 Sticky Flame             Conj/Fire      0%         2d3       100%        4
 Summon Hydra             Summ           0%         N/A       100%        7
 Ignition                 Fire           0%         3d3       100%        8


Dungeon Overview and Level Annotations

Branches:
Dungeon (6/15)             Temple (1/1) D:4

Altars:
Gozag
Hepliaklqana
Makhleb
Xom
Zin

Shops:
D:4 ?


Innate Abilities, Weirdness & Mutations

((You are very nimble when in or above water. (Stealth+, EV+, Speed+++)))
Your lower body shifts to a powerful aquatic tail in water.


Message History

Throw: 4 boomerangs
Press: ? - help, Q - select action, (/) - cycle Shift-Dir - straight line, f - ice beast
Aim: an ice beast (59% to hit)
You throw a boomerang.
The boomerang barely misses the ice beast.
You feel very sick.
You barely miss the ice beast.
You feel sick. The ice beast hits you. The ice beast freezes you!
* * * LOW HITPOINT WARNING * * *
You hit the ice beast.
The ice beast is moderately wounded.
You feel sick.
You closely miss the ice beast.
The ice beast is moderately wounded.
You feel sick.
The ice beast hits you but does no damage.
You feel much better.
You feel sick.
The ice beast hits you but does no damage.
You hit the ice beast.
The ice beast is heavily wounded.
You feel sick.
You are no longer poisoned.
The ice beast hits you but does no damage.
You hit the ice beast.
The ice beast is severely wounded.
The ice beast hits you but does no damage.
You closely miss the ice beast.
The ice beast is severely wounded.
The ice beast hits you. The ice beast freezes you!
You hit the ice beast.
The ice beast is severely wounded.
The ice beast hits you. The ice beast freezes you!
* * * LOW HITPOINT WARNING * * *
You barely miss the ice beast.
The ice beast is severely wounded.
The ice beast hits you.
* * * LOW HITPOINT WARNING * * *
The ice beast freezes you!
You die...
Your body crumbles into a pile of gold.

.... # ... #
### # #.# ..#
##.#..# ##.#
....... ...
##.##.. #.#
.......
#####.######.#
##.##..
#..(..@Y......
#..
#.###.######.#
#.. #.# #.#
#.#..
###.###.###
#...
..........#
#.#.#
#.#####.###.#.#
$ #....#
#...........#.#
......#
######..####.#
##...##
#..........#
##.# #


You could see an ice beast.

Vanquished Creatures
  A wyvern (D:6)
  A water moccasin (D:6)
  An ice beast (D:6)
  An ogre (D:5)
  A sky beast (D:6)
  A phantom (D:4)
  Blork the orc (D:6)
  3 scorpions
  A howler monkey (D:6)
  A hound (D:4)
  3 orc priests
  An orc wizard (D:6)
  2 iguanas
  3 adders
  2 ufetubi
  A worm (D:3)
  4 dart slugs
  9 orcs
  9 ball pythons
  4 bats
  3 endoplasms
  3 giant cockroaches
  5 goblins
  8 hobgoblins
  7 jackals
  A quokka (D:4)
  2 frilled lizards (D:1)
  7 kobolds
  7 rats
93 creatures vanquished.

Vanquished Creatures (others)
  An orc wizard (D:4)
1 creature vanquished.

Grand Total: 94 creatures vanquished

Notes
Turn   | Place    | Note
-------+----------+-------------------------------------------
     0 | D:1      | Dorkslayer the Merfolk Fighter began the quest for the Orb.
     0 | D:1      | Reached XP level 1. HP: 18/18 MP: 1/1
   122 | D:1      | Reached XP level 2. HP: 23/24 MP: 2/2
   186 | D:1      | Reached skill level 1 in Dodging
   241 | D:1      | Reached skill level 3 in Polearms
   435 | D:1      | Reached XP level 3. HP: 29/29 MP: 3/3
   839 | D:2      | Identified the ring of Ezi Tydo {rCorr Int+5 SInv}
   923 | D:2      | Reached XP level 4. HP: 36/36 MP: 4/4
  1697 | D:3      | Reached skill level 4 in Polearms
  1918 | D:4      | Noticed a phantom
  1936 | D:4      | Killed a phantom
  1937 | D:4      | Reached skill level 1 in Evocations
  1937 | D:4      | Reached XP level 5. HP: 32/42 MP: 5/5
  2200 | D:4      | Found an opulent altar of Gozag.
  2209 | D:4      | Became a worshipper of Gozag Ym Sagoz the Greedy
  2249 | D:4      | Found a staircase to the Ecumenical Temple.
  2257 | Temple   | Entered the Ecumenical Temple
  2335 | D:4      | Reached skill level 5 in Polearms
  2427 | D:4      | Reached XP level 6. HP: 27/48 MP: 6/6
  2926 | D:4      | Found Ruho Rot's Magic Scroll Shop.
  2932 | D:4      | Bought a scroll of fog for 52 gold pieces
  2932 | D:4      | Bought a scroll of teleportation for 39 gold pieces
  2932 | D:4      | Bought a scroll of identify for 26 gold pieces
  2932 | D:4      | Bought a scroll of amnesia for 52 gold pieces
  2932 | D:4      | Bought a scroll of poison for 52 gold pieces
  2932 | D:4      | Bought a scroll of identify for 26 gold pieces
  3085 | D:5      | Entered Level 5 of the Dungeon
  3118 | D:5      | Reached skill level 6 in Polearms
  3118 | D:5      | Reached XP level 7. HP: 47/55 MP: 7/7
  3369 | D:5      | Found a burning altar of Makhleb.
  3749 | D:6      | Found a shimmering altar of Xom.
  3751 | D:6      | Noticed Blork the orc
  3768 | D:6      | Killed Blork the orc
  3963 | D:6      | Reached skill level 7 in Polearms
  4045 | D:6      | Reached XP level 8. HP: 59/61 MP: 8/8
  4160 | D:6      | Noticed a wyvern
  4172 | D:6      | Killed a wyvern
  4334 | D:6      | Reached skill level 5 in Fighting
  4345 | D:6      | Mangled by an ice beast

Illustrated notes

Levels and vault maps discovered:
D:1:      wander_arrival_desolate, layout_rooms, minmay_misc_feat_four_crosses
D:2:      layout_basic
D:3:      layout_basic
D:4:      minmay_chambers_of_threes, layout_basic, grunt_gozag_breadcrumbs,
          minmay_temple_entry_fiery, serial_shops, shop
D:5:      layout_basic, mainiacjoe_overflow_surrounded_room
D:6:      layout_loops_ring, nicolae_overflow_crystal_walls,
          nicolae_specific_store, uniq_blork_the_orc
Temple:   nicolae_temple_bog_church

Skill      XL: |  1  2  3  4  5  6  7  8 |
---------------+-------------------------+-----
Dodging        | 1 2 |  2.3
Polearms       | 3 4 5 6 7 |  7.8
Evocations     | 1 2 3 |  3.8
Fighting       | 4 5 |  5.0
Armour         | 3 4 |  4.0
Shields        | 4 |  4.2
Throwing       | |  0.5

Action                   |  1- 3 |  4- 6 |  7- 9 || total
-------------------------+-------+-------+-------++-------
Melee: Trident           |   112 |   166 |    98 ||   376
Throw: Dart              |       |     7 |       ||     7
       Boomerang         |       |       |     1 ||     1
Evoke: Wand              |       |       |     6 ||     6
  Use: Scroll            |       |     7 |       ||     7
       Potion            |       |     3 |     4 ||     7
Armor: Scale mail        |    37 |    35 |       ||    72
       Chain mail        |       |    19 |    15 ||    34
       Plate armour      |       |       |    16 ||    16
Dodge: Dodged            |    52 |    53 |    19 ||   124
Block: Buckler           |    22 |    33 |    18 ||    73

Table legend: (Time is in decaauts)
 A = Elapsed time spent in this place.
 B = Non-inter-level travel time spent in this place.
 C = Inter-level travel time spent in this place.
 D = Time resting spent in this place.
 E = Time spent auto-exploring this place.
 F = Levels seen in this place.
 G = Mean time per level.
                   A        B        C        D        E       F      G
               +--------+--------+--------+--------+--------+-----+--------+
         Total |   4380 |   4380 |      0 |     17 |   2537 |   7 |  625.7 |
       Dungeon |   4372 |   4372 |      0 |     17 |   2535 |   6 |  728.7 |
        Temple |      7 |      7 |      0 |      0 |      2 |   1 |    7.0 |
               +--------+--------+--------+--------+--------+-----+--------+

Top non-repeatable levels by time:
     D:4: 1169 daAuts
     D:2: 759 daAuts
     D:3: 666 daAuts
     D:6: 642 daAuts
     D:5: 617 daAuts
     D:1: 517 daAuts
  Temple: 7 daAuts
